 Dungeon Crawl Stone Soup version 0.28-a0-1374-ga75cb3825e (webtiles) character file.

Game seed: 10123270294785155461

189 snetch the Magician (level 6, -8/40 HPs)
             Began as a Djinni Fire Elementalist on Dec 31, 2021.
             Was a High Priest of Ignis.
             Mangled by an ogre (13 damage)
             ... on level 5 of the Dungeon.
             The game lasted 00:14:21 (3922 turns).

snetch the Magician (Djinni Fire Elementalist)      Turns: 3922, Time: 00:14:22

Health: -8/40      AC:  4    Str:  9    XL:     6   Next: 0%
Gold:   96         EV: 12    Int: 17    God:    Ignis [*****.] SH:  0 Dex: 13

rFire   + + +      SeeInvis .   a - +2 dagger (speed)
rCold   x . .      Faith    .   (no shield)
rNeg    . . .      Spirit   .   b - +0 leather armour
rPois   ∞          Reflect  .   (no helmet)
rElec   .          Harm     .   i - +0 cloak
rCorr   .          Rampage  .   (no gloves)
Will    .....                   (boots unavailable)
Stlth   ++........              (no amulet)
HPRegen 0.13/turn               (no ring)
MPRegen 0.00/turn               (no ring)

@: flying
A: sickness immunity, fire resistance 2, cold vulnerability 1, float, innate
caster, hp casting, extra vitality 1
a: Renounce Religion, Fiery Armour, Foxfire Swarm, Rising Flame


You were on level 5 of the Dungeon.
You worshipped Ignis.
Ignis was extremely pleased with you.
You visited 1 branch of the dungeon, and saw 5 of its levels.

You collected 96 gold pieces.

Inventory:

Hand Weapons
 a - a +2 dagger of speed (weapon)
Missiles
 d - 11 poisoned darts
 h - 74 stones
 j - 40 arrows
 p - 40 sling bullets
 r - a throwing net
Armour
 b - a +0 leather armour (worn)
 c - a +0 chain mail
 i - a +0 cloak (worn)
 n - a +0 ring mail
 s - a +0 scale mail
Wands
 m - a wand of digging (5)
Scrolls
 f - 2 scrolls of enchant armour {unknown}
 g - a scroll of fog {unknown}
 k - 2 scrolls of identify {unknown}
 l - 2 scrolls of teleportation {unknown}
 o - a scroll of holy word {unknown}
 u - a scroll of amnesia {unknown}
Potions
 e - 3 potions of curing {unknown}
 q - a potion of brilliance {unknown}
 v - a potion of haste {unknown}


   Skills:
 + Level 0.1 Fighting
 + Level 0.9 Armour
 + Level 3.1 Dodging
 + Level 2.4 Stealth
 + Level 4.0 Spellcasting


You couldn't memorise any spells.
You knew the following spells:

 Your Spells              Type           Power      Damage    Failure   Level
a - Foxfire               Conj/Fire      68%        2x1d7     4%          1
b - Scorch                Fire           34%        2d6       6%          2
c - Conjure Flame         Conj/Fire      17%        6-21      12%         3
d - Inner Flame           Hex/Fire       17%        N/A       12%         3
e - Flame Wave            Conj/Fire      17%        2d5       36%         4
f - Pain                  Necr           68%        1d7       4%          1
g - Static Discharge      Conj/Air       17%        N/A       6%          2
Your spell library was empty.

Dungeon Overview and Level Annotations

Branches:
Dungeon (5/15)
 Temple: D:4-7

Altars:
Ignis

Shops:
D:1 =

Annotations:
D:3 1 transporter, Strewth's ghost, amateur MiBe
D:4 Eustachio


Innate Abilities, Weirdness & Mutations

You are immune to sickness and miasma.
You are immune to poison.
Your flesh is very heat resistant. (rF++)
You are vulnerable to cold. (rC-)
You float through the air rather than walking.
You learn spells naturally, not from books.
Your magical power is your life essence.
You have superior vitality. (+4 MHP)


Message History

Casting: Scorch (safe; 6% risk of failure)
Confirm with . or Enter, or press ? or * to list all spells.
Flames lash the iguana.
The iguana is moderately wounded.
* * * LOW HITPOINT WARNING * * *
The iguana barely misses you.
Casting: Scorch (safe; 6% risk of failure)
Confirm with . or Enter, or press ? or * to list all spells.
Flames lash the iguana.
The iguana is burned terribly!
The iguana is almost dead.
* * * LOW HITPOINT WARNING * * *
The iguana barely misses you.
Casting: Scorch (safe; 6% risk of failure)
Confirm with . or Enter, or press ? or * to list all spells.
Flames lash the iguana.
The iguana is burned terribly!
You kill the iguana!
* * * LOW HITPOINT WARNING * * *
Your Spellcasting skill increases to level 4!
You have reached level 6!
You see here an iguana corpse.
There is a stone staircase leading up here.
Found 15 stones.
An ogre comes into view. It is wielding a +0 giant club.
The ogre shouts!
You hear a shout!
An ogre comes into view. It is wielding a +0 giant club.
The ogre shouts!
You see here 15 stones.
Casting: Scorch (safe; 6% risk of failure)
Confirm with . or Enter, or press ? or * to list all spells.
Flames lash the ogre.
The ogre is lightly wounded.
The ogre's fire resistance burns away.
* * * LOW HITPOINT WARNING * * *
Casting: Scorch (safe; 6% risk of failure)
Confirm with . or Enter, or press ? or * to list all spells.
Flames lash the ogre.
The ogre is burned terribly!
The ogre is heavily wounded.
* * * LOW HITPOINT WARNING * * *
The ogre hits you with a +0 giant club!
You die...

..........#
........##.###.#
#........#.. #.#
#........#.# #.# .
##.#........ ###.###
..# ..#..#.#### #.....#
....##.....######.....#
.........###...##.....#
#..O@........#.....#
.........#............#
..O####..#............#
. ....#.......#.####
#.##.##.....##.# #.
#.#.......#.# .
#.#.........# ..
#.#........##
##.....#.#


You could see 2 ogres.

Vanquished Creatures
  A hound (D:4)
  An iguana (D:5)
  Terence (D:2)
  A hound skeleton (D:4)
  A gnoll (D:3)
  2 adders (D:3)
  3 worms
  2 dart slugs
  An orc (D:4)
  5 bats
  6 endoplasms
  3 giant cockroaches
  5 goblins
  2 hobgoblins
  5 jackals (D:1)
  5 kobolds
  3 quokkas
  4 ball pythons
  2 frilled lizards
  5 rats
58 creatures vanquished.

Vanquished Creatures (others)
  189 foxfires
  3 fungi (D:2)
192 creatures vanquished.

Grand Total: 250 creatures vanquished

Notes
Turn   | Place    | Note
-------+----------+-------------------------------------------
     0 | D:1      | snetch the Djinni Fire Elementalist began the quest for the
                  | Orb.
     0 | D:1      | Reached XP level 1. HP: 15/15 MP: 0/0
   339 | D:1      | Reached XP level 2. HP: 2/21 MP: 0/0
   633 | D:1      | Found Posoa's Jewellery Emporium.
  1204 | D:1      | Reached skill level 3 in Spellcasting
  1204 | D:1      | Reached XP level 3. HP: 21/25 MP: 0/0
  1204 | D:1      | Learned a level 1 spell: Pain
  2287 | D:2      | Found a faded altar of an unknown god.
  2310 | D:2      | Prayed at the altar of an unknown god.
  2310 | D:2      | Became a worshipper of Ignis, the Dying Flame
  2436 | D:2      | Reached XP level 4. HP: 23/31 MP: 0/0
  2829 | D:2      | Noticed Terence
  2834 | D:2      | Killed Terence
  3283 | D:3      | Found a transporter.
  3284 | D:3      | Noticed Strewth's ghost (amateur MiBe)
  3284 | D:3      | Noticed a small abomination
  3314 | D:3      | Reached XP level 5. HP: 28/35 MP: 0/0
  3314 | D:3      | Learned a level 2 spell: Static Discharge
  3866 | D:4      | Noticed Eustachio
  3892 | D:5      | Entered Level 5 of the Dungeon
  3898 | D:5      | Reached skill level 4 in Spellcasting
  3898 | D:5      | Reached XP level 6. HP: 5/40 MP: 0/0
  3918 | D:5      | Noticed an ogre
  3920 | D:5      | Noticed an ogre
  3922 | D:5      | Mangled by an ogre

Illustrated notes

Levels and vault maps discovered:
D:1:      dpeg_arrival_water_fire, layout_loops_ring, serial_shops,
          nicolae_shop_stone, nicolae_figureground_pulse
D:2:      layout_loops_ring, shapermc_ecumenical_altar_ellora, minmay_tall_x,
          uniq_terence
D:3:      layout_basic, gammafunk_ghost_abyssal_escape,
          hangedman_decor_clover_reticule
D:4:      layout_basic, portal_sewer_entry_a, minmay_misc_feat_encased,
          uniq_blork_the_orc, uniq_eustachio
D:5:      layout_rooms

Skill      XL: |  1  2  3  4  5 |
---------------+----------------+-----
Spellcasting   | 3 4 |  4.0
Stealth        | 2 |  2.4
Dodging        | 3 |  3.1
Fighting       | |  0.1
Armour         | |  0.9

Action                   |  1- 3 |  4- 6 || total
-------------------------+-------+-------++-------
Melee: Unarmed           |     1 |       ||     1
       Dagger            |     7 |     7 ||    14
 Cast: Foxfire           |    83 |    42 ||   125
       Scorch            |       |    16 ||    16
       Static Discharge  |       |     1 ||     1
 Stab: Sleeping          |     1 |     3 ||     4
Armor: Robe              |     7 |       ||     7
       Leather armour    |     2 |     3 ||     5
Dodge: Dodged            |    31 |    21 ||    52

Table legend: (Time is in decaauts)
 A = Elapsed time spent in this place.
 B = Non-inter-level travel time spent in this place.
 C = Inter-level travel time spent in this place.
 D = Time resting spent in this place.
 E = Time spent auto-exploring this place.
 F = Levels seen in this place.
 G = Mean time per level.
                   A        B        C        D        E       F      G
               +--------+--------+--------+--------+--------+-----+--------+
         Total |   3922 |   3706 |    216 |    118 |   2889 |   5 |  784.4 |
       Dungeon |   3922 |   3706 |    216 |    118 |   2889 |   5 |  784.4 |
               +--------+--------+--------+--------+--------+-----+--------+

Top non-repeatable levels by time:
     D:1: 1795 daAuts
     D:2: 1441 daAuts
     D:3: 418 daAuts
     D:4: 238 daAuts
     D:5: 29 daAuts
